 Dungeon Crawl Stone Soup version 0.24.0-125-gc4c63601f3 (webtiles) character file.

Game seed: 11108965480675260840, levelgen mode: deterministic

72 Divind the Covered (level 4, -2/36 HPs)
             Began as a Formicid Fighter on Feb 29, 2020.
             Slain by Sigmund
             ... wielding a +2 scythe of venom
              (15 damage)
             ... on level 2 of the Dungeon.
             The game lasted 00:02:15 (1018 turns).

Divind the Covered (Formicid Fighter)               Turns: 1018, Time: 00:02:16

Health: -2/36      AC:  7    Str: 21    XL:     4   Next: 48%
Magic:  4/4        EV:  8    Int:  8    God:
Gold:   45         SH:  9    Dex: 10    Spells: 3/3 levels left

rFire    . . .     SeeInvis +   a - +0 long sword
rCold    . . .     Gourm    .   c - +0 shield
rNeg     . . .     Faith    .   b - +0 scale mail
rPois    .         Spirit   .   (helmet unavailable)
rElec    .         Reflect  .   (no cloak)
rCorr    .         Harm     .   (no gloves)
MR       .....                  (no boots)
Stlth    ..........             (no amulet)
HPRegen  0.12/turn              g - ring of wizardry
MPRegen  0.09/turn              (no ring)

@: lethally poisoned (-2 -> -4)
A: permanent stasis, dig shafts and tunnels, four strong arms, antennae 3
a: Dig, Shaft Self


You were on level 2 of the Dungeon.
You were hungry.

You visited 1 branch of the dungeon, and saw 2 of its levels.

You collected 45 gold pieces.

Inventory:

Hand Weapons
 a - a +0 long sword (weapon)
Armour
 b - a +0 scale mail (worn)
 c - a +0 shield (worn)
Jewellery
 g - a ring of wizardry (left hand)
 h - an uncursed ring of poison resistance {unknown}
Potions
 d - a potion of might
 e - a potion of heal wounds {unknown}
Comestibles
 f - 3 rations


   Skills:
 + Level 3.6 Fighting
 + Level 2.9 Long Blades
 + Level 4.2 Armour
 + Level 0.1 Dodging
 + Level 4.1 Shields


You had 3 spell levels left.
You didn't know any spells.
Your spell library was empty.

Dungeon Overview and Level Annotations

Branches:
Dungeon (2/15)

Altars:
Ashenzari

Annotations:
D:2 Sigmund


Innate Abilities, Weirdness & Mutations

You cannot be hasted, slowed, berserked, paralysed or teleported.
You can dig through walls and to a lower floor.
Your four strong arms can wield two-handed weapons with a shield.
You have a pair of large antennae on your head. (SInv)


Message History

The kobold hits you but does no damage.
You closely miss the kobold. The kobold hits you but does no damage.
You closely miss the kobold.
You feel sick. You block Sigmund's attack. You block the kobold's attack.
You closely miss the kobold. You block Sigmund's attack.
The kobold completely misses you.
You riposte.
You hit the kobold.
The kobold is severely wounded.
You slash the kobold!
You kill the kobold!
You feel sick. Sigmund casts a spell at you. You resist with some effort.
Sigmund points at you and mumbles some strange words.
The puff of flame hits you!
Things that are here:
a scroll labeled JOSA DOXIS USU; a frilled lizard corpse You slash Sigmund!
Sigmund is moderately wounded.
Sigmund hits you with a +2 scythe of venom!
You die...

....... #.....##.
....... ##.....#..
....... ##........#
....... ##........#
....).. ##........###.
....... #...#........
.......##..###.#..#
.......@...†......#
..?...@##..###.##.#
.........###...##.####..
.......#................
.......#####.####.#### .
....... #.# #.# ##
......# #.# #.#####.
.....# ##.####..##...
#....†........


You could see Sigmund (invisible).

Vanquished Creatures
  3 adders (D:2)
  An ooze (D:1)
  2 dart slugs
  A leopard gecko (D:2)
  4 giant cockroaches
  3 goblins
  6 hobgoblins (D:1)
  3 bats
  4 frilled lizards
  3 kobolds
  7 rats
37 creatures vanquished.

Notes
Turn   | Place    | Note
-------+----------+-------------------------------------------
     0 | D:1      | Divind the Formicid Fighter began the quest for the Orb.
     0 | D:1      | Reached XP level 1. HP: 18/18 MP: 1/1
   173 | D:1      | Reached XP level 2. HP: 24/24 MP: 2/2
   206 | D:1      | Found a shattered altar of Ashenzari.
   547 | D:1      | Reached XP level 3. HP: 29/29 MP: 3/3
   961 | D:2      | Reached XP level 4. HP: 24/36 MP: 4/4
  1001 | D:2      | Noticed Sigmund
  1018 | D:2      | Slain by Sigmund

Levels and vault maps discovered:
D:1:      grunt_arrival_crossed_arrows, layout_loops_corners, ashenzari_altar_1
D:2:      layout_rooms, fountainhead, uniq_sigmund, uniq_terence

Skill      XL: |  1  2  3 |
---------------+----------+-----
Shields        | 4 |  4.1
Armour         | 4 |  4.2
Fighting       | |  3.6
Long Blades    | |  2.9
Dodging        | |  0.1

Action                   |  1- 3 |  4- 6 || total
-------------------------+-------+-------++-------
Melee: Long sword        |   103 |    26 ||   129
Armor: Scale mail        |    51 |    10 ||    61
Dodge: Dodged            |    48 |     7 ||    55
Block: Shield            |    68 |    20 ||    88
       Rpst.: Long sword |    15 |     3 ||    18
